 Dungeon Crawl Stone Soup version 0.32-a0-913-g739538afd8 (webtiles) character file.

Game seed: 1026943138766395258

163 martbhell the Chopper (level 5, 0/47 HPs)
             Began as a Minotaur Berserker on Apr 6, 2024.
             Was a Believer of Trog.
             Slain by a cerulean imp
             ... wielding a +1 spear
             ... summoned by frankiepal's ghost
              (4 damage)
             ... on level 3 of the Dungeon on Apr 8, 2024.
             The game lasted 00:03:09 (1945 turns).

martbhell the Chopper (Minotaur Berserker)          Turns: 1945, Time: 00:03:09

Health: 0/47       AC:  3    Str: 23    XL:     5   Next: 20%
Magic:  4/4        EV: 11    Int:  4    God:    Trog [**....]
Gold:   91         SH:  0    Dex: 10    Spells: 4/4 levels left

rFire   . . .        a - +0 hand axe
rCold   . . .        (no shield)
rNeg    + . .        d - +0 leather armour
rPois   .            (helmet restricted)
rElec   .            (no cloak)
rCorr   .            (no gloves)
SInv    .            (no boots)
Will    ++...        (no amulet)
Stlth   +            r - ring of positive energy
HPRegen 1.27/turn    (no ring)
MPRegen 0.09/turn

%: no passive effects
@: strong-willed (expiring), on berserk cooldown, regenerating (expiring),
slowed, very slow
A: horns 2, retaliatory headbutt
a: Renounce Religion, Berserk, Trog's Hand


You were on level 3 of the Dungeon.
You worshipped Trog.
Trog was pleased with you.
You visited 1 branch of the dungeon, and saw 3 of its levels.

You collected 91 gold pieces.

Inventory:

Hand Weapons
 a - a +0 hand axe (weapon)
 b - a +1 dagger of electrocution
Missiles
 g - 2 poisoned darts
 j - 3 boomerangs (quivered)
 o - a throwing net
Armour
 d - a +0 leather armour (worn)
 l - a +0 animal skin
Jewellery
 r - a ring of positive energy (left hand)
Scrolls
 h - a scroll of enchant armour {unknown}
 i - 2 scrolls of noise {unknown}
 k - a scroll of blinking {unknown}
 m - a scroll of identify {unknown}
 n - 2 scrolls of poison {unknown}
 p - a scroll of enchant weapon {unknown}
Potions
 c - a potion of ambrosia {unknown}
 e - a potion of berserk rage {unknown}
 f - 2 potions of curing {unknown}
 q - 2 potions of resistance {unknown}


   Skills:
 + Level 4.7 Fighting
 * Level 5.3 Axes
 + Level 3.8 Armour
 - Level 3.0 Dodging


You had 4 spell levels left.
You didn't know any spells.
Your spell library was empty.

Dungeon Overview and Level Annotations

Branches:
Dungeon (3/15)

Altars:
Gozag
Okawaru
Trog
Wu Jian
Zin

Shops:
D:3 =

Annotations:
D:3 frankiepal's ghost, amateur DEHW


Innate Abilities, Weirdness & Mutations

You have a pair of horns on your head.
You reflexively headbutt those who attack you in melee.


Message History

Your headbutt misses frankiepal's ghost.
Frankiepal's ghost is severely damaged.
You barely miss the cerulean imp. Frankiepal's ghost hits you.
Frankiepal's ghost freezes you. The cerulean imp closely misses you.
You furiously retaliate!
You headbutt the cerulean imp! You hit frankiepal's ghost.
Frankiepal's ghost is almost destroyed.
You hit the kobold brigand.
You hit the cerulean imp but do no damage.
You slash the kobold!
You kill the kobold!
Trog accepts your kill. The kobold brigand misses you.
Frankiepal's ghost barely misses you.
The cerulean imp hits you with a +1 spear.
Frankiepal's ghost hits you. Frankiepal's ghost freezes you.
The kobold brigand hits you with a +0 whip of chaos!
The kobold brigand freezes you.
The cerulean imp hits you with a +1 spear.
You hit frankiepal's ghost.
Frankiepal's ghost is almost destroyed.
You hit the cerulean imp but do no damage.
You hit the kobold brigand. The kobold brigand closely misses you.
Frankiepal's ghost barely misses you. You furiously retaliate!
You headbutt frankiepal's ghost, but do no damage.
The cerulean imp hits you but does no damage.
Frankiepal's ghost hits you. Frankiepal's ghost freezes you.
* * * LOW HITPOINT WARNING * * *
The kobold brigand hits you with a +0 whip of chaos!
* * * LOW HITPOINT WARNING * * *
The kobold brigand burns you.
* * * LOW HITPOINT WARNING * * *
You closely miss frankiepal's ghost.
Frankiepal's ghost is almost destroyed.
You miss the cerulean imp.
You hit the kobold brigand but do no damage.
You feel the effects of Trog's Hand fading.
The cerulean imp barely misses you. The kobold brigand barely misses you.
Frankiepal's ghost gestures wildly while chanting.
The cerulean imp hits you with a +1 spear.
You die...

≈.≈§§§≈.........##
§§..§§§.##.####..#
§≈§≈≈.≈....# ##.#
≈.§...≈.#### #.###
§.≈≈≈≈≈.§# #...#
§......§.# #####...#
.#.##.#..###.ßK##..#
.#(##....##..KKW#..#
.#.#####.#$.###K@5.#
.#.# #.#?....)5).#
...#####.#..###.'.##
.........##.....#.#
...#####.###.ß.##.#
.#######.#######..#
............# ####
.#######.##.#
.#######.##.#


You could see a kobold brigand, frankiepal's ghost, 2 cerulean imps and 3
kobolds.

Vanquished Creatures
  An orc wizard (D:3)
  6 gnolls
  3 adders
  4 orcs (D:3)
  4 endoplasms
  A giant cockroach (D:3)
  2 goblins (D:3)
  5 hobgoblins
  3 jackals (D:3)
  2 quokkas
  2 ball pythons (D:1)
  6 bats
  4 frilled lizards
  6 kobolds
  2 rats
51 creatures vanquished.

Notes
Turn   | Place    | Note
-------+----------+-------------------------------------------
     0 | D:1      | martbhell the Minotaur Berserker began the quest for the
                  | Orb.
     0 | D:1      | Reached XP level 1. HP: 19/19 MP: 0/0
     1 | D:1      | Upgraded the game from 0.32-a0-908-g8e5f33bbaa to
                  | 0.32-a0-913-g739538afd8
   332 | D:1      | Reached XP level 2. HP: 27/27 MP: 1/1
   836 | D:2      | Reached skill level 4 in Axes
   836 | D:2      | Reached XP level 3. HP: 33/33 MP: 2/2
   850 | D:3      | Found a glowing silver altar of Zin.
   875 | D:2      | Reached ** piety under Trog
   988 | D:3      | Found an opulent altar of Gozag.
  1016 | D:3      | Found a bloodstained altar of Trog.
  1048 | D:3      | Reached XP level 4. HP: 37/40 MP: 3/3
  1075 | D:3      | Found an ornate altar of the Wu Jian Council.
  1087 | D:3      | Found an iron altar of Okawaru.
  1090 | D:3      | Found Gepty's Jewellery Emporium.
  1442 | D:3      | Reached skill level 5 in Axes
  1442 | D:3      | Reached XP level 5. HP: 43/47 MP: 4/4
  1791 | D:3      | Found a runed translucent gate.
  1793 | D:3      | Found a runed translucent gate.
  1794 | D:3      | Found a runed translucent gate.
  1798 | D:3      | Noticed frankiepal's ghost (amateur DEHW)
  1944 | D:3      | HP: 2/47 [kobold brigand/+0 whip of chaos (3)]
  1945 | D:3      | Slain by a cerulean imp

Illustrated notes

Levels and vault maps discovered:
D:1:      dpeg_arrival_fog, layout_loops_cross
D:2:      layout_rooms, minmay_pentomino_v4, uniq_robin
D:3:      layout_basic, mainiacjoe_overflow_cross_hatched, grunt_gozag_statues,
          trog_three_pillars_becter, mainiacjoe_overflow_catwalk_spiral,
          gammafunk_ghost_nasty_kobolds, serial_shops, nicolae_diamond_shop

Skill      XL: |  1  2  3  4 |
---------------+-------------+-----
Fighting       | 4 |  4.7
Axes           | 4 5 |  5.3
Armour         | 3 |  3.8
Dodging        | 3 |  3.0

Action                     |  1- 3 |  4- 6 || total
---------------------------+-------+-------++-------
  Melee: Hand axe          |    28 |    43 ||    71
         Headbutt          |     4 |     3 ||     7
         Dagger            |     5 |       ||     5
  Throw: Dart              |     6 |       ||     6
         Boomerang         |    17 |    64 ||    81
 Invoke: Berserk           |     1 |     1 ||     2
         Trog's Hand       |       |     2 ||     2
 Armour: Leather armour    |    26 |    36 ||    62
  Dodge: Dodged            |    16 |    23 ||    39

Table legend: (Time is in decaauts)
 A = Elapsed time spent in this place.
 B = Non-inter-level travel time spent in this place.
 C = Inter-level travel time spent in this place.
 D = Time resting spent in this place.
 E = Time spent auto-exploring this place.
 F = Levels seen in this place.
 G = Mean time per level.
                   A        B        C        D        E       F      G
               +--------+--------+--------+--------+--------+-----+--------+
         Total |   1982 |   1942 |     40 |     39 |   1555 |   3 |  660.7 |
       Dungeon |   1982 |   1942 |     40 |     39 |   1555 |   3 |  660.7 |
               +--------+--------+--------+--------+--------+-----+--------+

Top non-repeatable levels by time:
     D:3: 1121 daAuts
     D:1: 765 daAuts
     D:2: 95 daAuts
